 Dungeon Crawl Stone Soup version 0.27.0-1-g7a089689b8 (webtiles) character file.

Game seed: 1042859429000841087

571 Descartes the Covert (level 7, 0/35 HPs)
             Began as a Spriggan Delver on Aug 14, 2021.
             Killed from afar by Dowan (19 damage)
             ... with a shard of ice
             ... on level 5 of the Dungeon.
             The game lasted 00:02:08 (432 turns).

Descartes the Covert (Spriggan Delver)               Turns: 432, Time: 00:02:08

Health: 0/35       AC:  4    Str: 10    XL:     7   Next: 12%
Magic:  8/8        EV: 20    Int: 12    God:
Gold:   30         SH:  0    Dex: 16    Spells: 6/6 levels left

rFire    . . .     SeeInvis +   a - +0 short sword
rCold    . . .     Faith    .   (shield restricted)
rNeg     . . .     Spirit   .   j - +2 robe
rPois    .         Reflect  .   (helmet restricted)
rElec    .         Harm     .   (no cloak)
rCorr    .         Rampage  .   (gloves unavailable)
Will     +....                  (boots unavailable)
Stlth    ++++......             (no amulet)
HPRegen  0.11/turn              (no ring)
MPRegen  0.11/turn              (no ring)

@: very quick
A: very small, no large weapons, unfitting armour, see invisible, speed 3
a: no special abilities


You were on level 5 of the Dungeon.
You visited 1 branch of the dungeon, and saw 1 of its levels.

You collected 30 gold pieces.

Inventory:

Hand Weapons
 a - a +0 short sword (weapon)
 i - a +2 whip of freezing
Missiles
 h - 25 arrows
Armour
 j - a +2 robe (worn)
Wands
 g - a wand of digging (3)
Scrolls
 c - a scroll of fog
 d - a scroll of magic mapping
 e - a scroll of fear
Potions
 b - a potion of magic
 f - a potion of curing {unknown}


   Skills:
 - Level 2.4 Fighting
 + Level 5.2 Short Blades
 + Level 6.3 Dodging
 - Level 10.0 Stealth


You had 6 spell levels left.
You didn't know any spells.
Your spell library was empty.

Dungeon Overview and Level Annotations

Branches:
Dungeon (5/15)
 Temple: D:4-7

Altars:

Annotations:
D:5 Dowan


Innate Abilities, Weirdness & Mutations

You are very small and have problems with some larger weapons.
You are too small for most types of armour.
You have supernaturally acute eyesight. (SInv)
You cover ground extremely quickly. (Speed+++)


Message History

Duvessa zaps a wand.
The puff of flame hits you.
You hit Duvessa but do no damage.
Duvessa is almost dead.
Duvessa misses you.
You hit Duvessa but do no damage.
Duvessa is almost dead.
Duvessa zaps a wand.
The puff of flame hits you but does no damage.
You barely miss Duvessa.
Duvessa is almost dead.
You barely miss Duvessa.
Duvessa is almost dead.
Dowan shouts!
Duvessa hits you with a +0 short sword! Dowan gestures at you while chanting.
The puff of flame misses you.
You closely miss Duvessa.
Duvessa is almost dead.
Duvessa completely misses you.
You hit Duvessa.
Duvessa is almost dead.
Duvessa hits you with a +0 short sword.
It was a potion of magic.
Magic courses through your body.
Dowan mumbles some strange words.
Dowan blinks!
Duvessa zaps a wand.
The puff of flame misses you.
You hit Duvessa.
You kill Duvessa!
Dowan seems overcome with grief, but rights himself reflexively soon after.
Dowan seems to find hidden reserves of power!
Dowan casts a spell.
Dowan blinks!
Your Short Blades skill increases to level 5!
Your Dodging skill increases to level 6!
You have reached level 7!
You hit Dowan.
Dowan is lightly wounded.
Dowan casts a spell at you. The shard of ice hits you!!
Ouch! That really hurt!
You die...

#....# ... ##.....#
.... #......#
.....# ##......#
.<.....###...ยง..#
.........#.......#
#.................#
#...........e@....#
#..........#.....#
#..........#....)#
#.........##....#
#........##....#
###...>#####...#
##...## #...# ###
#..### #.... ..###
##.## ##...#


You could see Dowan (fast).

Vanquished Creatures
  Pikel (D:5)
  Duvessa (D:5)
  A bullfrog zombie (D:5)
3 creatures vanquished.

Notes
Turn   | Place    | Note
-------+----------+-------------------------------------------
     0 | D:5      | Descartes the Spriggan Delver began the quest for the Orb.
     0 | D:5      | Reached XP level 1. HP: 11/11 MP: 2/2
     0 | D:5      | Noticed Pikel
     1 | D:5      | Noticed a lemure
     4 | D:5      | Noticed a lemure
     4 | D:5      | Noticed a lemure
     4 | D:5      | Noticed a lemure
    31 | D:5      | Killed Pikel
    32 | D:5      | Reached skill level 10 in Stealth
    32 | D:5      | Reached skill level 5 in Dodging
    32 | D:5      | Reached XP level 2. HP: 6/16 MP: 3/3
    32 | D:5      | Reached XP level 3. HP: 7/19 MP: 4/4
    32 | D:5      | Reached XP level 4. HP: 9/23 MP: 5/5
    32 | D:5      | Reached XP level 5. HP: 11/27 MP: 6/6
    32 | D:5      | Reached XP level 6. HP: 13/32 MP: 7/7
   414 | D:5      | Noticed Dowan
   415 | D:5      | Noticed Duvessa
   428 | D:5      | Killed Duvessa
   429 | D:5      | Reached skill level 5 in Short Blades
   429 | D:5      | Reached XP level 7. HP: 19/35 MP: 8/8
   432 | D:5      | Killed from afar by Dowan

Illustrated notes

Levels and vault maps discovered:
D:5:      layout_cave_pods, serial_shops, shop_statue,
          kennysheep_generic_room_9, uniq_pikel, uniq_ijyb, uniq_duvessa

Skill      XL: |  1  2  3  4  5  6 |
---------------+-------------------+-----
Stealth        | 10 | 10.0
Short Blades   | 4 5 |  5.2
Dodging        | 5 6 |  6.3
Fighting       | |  2.4

Action                   |  1- 3 |  4- 6 |  7- 9 || total
-------------------------+-------+-------+-------++-------
Melee: Short sword       |    14 |     9 |     1 ||    24
  Use: Potion            |     2 |     1 |       ||     3
 Stab: Invisible         |     3 |       |       ||     3
       Sleeping          |       |     2 |       ||     2
Armor: Robe              |       |     1 |       ||     1
Dodge: Dodged            |    15 |     4 |       ||    19
